Map: Torches LE

Players

Sindyr - Winner!

  • Race: Zerg Zerg
  • League: Master
  • Spawn Location: 5:00

tonyvegas

  • Race: Terran Terran
  • League: Master
  • Spawn Location: 1:00

VOD

Have the link to the VOD?

Description

Time

  • Played on: Oct. 21, 2025, 3:37 p.m.
  • Length: 17:11
Show
View Real Time Build Order
Export as new Build Order

Sindyr Zerg - Winner!

Build Orders: Pool First 

Get SALT Encoding   

  12  0:02  Drone  
  13  0:10  Drone  
  14  0:17  Overlord  
  14  0:23  Extractor  
  14  0:24  Drone  
  14  0:35  Drone  
  16  0:45  Spawning Pool  
  16  0:46  Drone  
  16  0:50  Drone  
  17  1:14  Drone, Hatchery  
  17  1:21  Extractor  
  17  1:23  Drone x2  
  18  1:33  Queen  
  18  1:38  Zergling x2  
  21  1:43  Overlord  
  21  2:03  Drone x2  
  23  2:26  Queen  
  23  2:28  Drone x3  
  28  2:30  Metabolic Boost  
  28  2:35  Queen  
  30  2:38  Drone x2  
  30  2:42  Drone  
  33  2:47  Overlord  
  33  2:56  Drone  
  33  2:57  Drone x2  
  36  3:25  Lair  
  36  3:28  Drone x6  
  36  3:31  Overlord  
  42  3:45  Hatchery  
  41  3:53  Roach Warren  
  41  3:55  Evolution Chamber, Drone x3  
  41  3:56  Drone  
  41  3:57  Drone  
  41  3:59  Drone  
  45  4:09  Extractor x2  
  43  4:22  Zerg Missile Weapons Level 1  
  43  4:26  Overseer  
  43  4:42  Overlord  
  43  4:43  Glial Reconstitution  
  43  4:46  Roach  
  43  4:47  Roach x2, Zergling x4  
  43  4:48  Zergling x2  
  52  4:57  Queen  
  52  4:59  Overlord x2  
  54  5:23  Drone  
  54  5:24  Drone x11  
  66  5:28  Extractor  
  66  5:30  Evolution Chamber  
  66  5:35  Spore Crawler x2  
  63  5:37  Drone  
  63  5:39  Drone  
  63  5:40  Spore Crawler x2, Drone x3  
  65  5:52  Drone x3  
  68  5:59  Zerg Ground Armor Level 1  
  68  6:09  Overseer  
  68  6:19  Extractor  
  68  6:21  Extractor  
  66  6:26  Zerg Missile Weapons Level 2  
  66  6:31  Infestation Pit  
  66  6:32  Drone x6, Hydralisk Den  
  70  6:38  Hatchery  
  69  6:50  Drone x3  
  69  6:51  Drone  
  73  6:55  Drone  
  73  6:56  Drone x2  
  76  7:07  Hive  
  76  7:10  Muscular Augments  
  76  7:22  Drone x6  
  82  7:24  Overlord x3  
  82  7:55  Zerg Ground Armor Level 2  
  82  8:00  Queen  
  84  8:09  Overseer  
  84  8:14  Grooved Spines, Drone x4  
  84  8:15  Drone x7  
  84  8:16  Drone x5  
  100  8:23  Adrenal Glands  
  100  8:31  Spore Crawler  
  100  8:32  Spore Crawler x2  
  100  8:33  Drone  
  98  8:36  Spore Crawler  
  97  8:42  Extractor  
  97  8:43  Extractor  
  95  8:56  Overseer  
  95  8:57  Overseer x2  
  95  8:59  Overlord x4  
  95  9:20  Zerg Missile Weapons Level 3  
  95  9:50  Overseer  
  95  10:08  Unknown  
  95  10:13  Zerg Ground Armor Level 3  
  95  10:24  Overlord  
  95  10:25  Overlord x5  
  95  10:42  Hatchery  
  94  11:15  Spire x2  
  92  11:20  Hydralisk x6  
  92  11:21  Hydralisk x30  
  92  11:22  Hydralisk x7, Roach x2  
  92  11:23  Roach x5, Hydralisk  
  92  11:25  Overlord x3  
  192  11:32  Overlord  
  192  11:33  Overlord x2  
  192  11:34  Overlord x2  
  188  11:59  Queen  
  176  12:50  Zerg Melee Weapons Level 1  
  146  12:53  Mutalisk x24  
  146  12:54  Mutalisk x6  
  146  12:56  Mutalisk  
  196  13:03  Hydralisk x8  
  196  13:05  Hydralisk  
  161  13:29  Queen  
  162  13:43  Zerg Flyer Weapons Level 1, Zerg Flyer Armor Level 1  
  148  14:40  Zergling x2  
  148  14:41  Zergling x22  
  148  14:42  Zergling x8, Roach x8  
  148  14:43  Zergling x2, Roach  
  183  14:48  Zerg Melee Weapons Level 2  
  183  15:11  Hatchery  
  157  15:40  Hydralisk x9  
  157  15:41  Hydralisk x20  
  153  15:55  Roach x6  
  135  16:15  Drone x2  
Show
View Real Time Build Order
Export as new Build Order

tonyvegas Terran 

Build Orders:  

Get SALT Encoding   

  12  0:43  Command Center  
  12  0:54  Supply Depot  
  12  1:17  Supply Depot  
  12  1:20  Barracks  
  12  1:31  SCV  
  13  1:40  Supply Depot  
  13  1:43  SCV  
  14  2:10  Refinery  
  14  2:15  Marine  
  15  2:16  Bunker  
  15  2:18  SCV  
  16  2:32  Marine  
  17  2:41  SCV  
  18  2:53  SCV  
  18  2:54  Marine  
  18  2:55  Refinery  
  20  3:06  SCV  
  20  3:11  Marine  
  22  3:16  Refinery  
  22  3:18  SCV  
  23  3:22  Refinery  
  23  3:29  Marine, SCV  
  23  3:30  SCV  
  26  3:41  SCV  
  26  3:42  Bunker, SCV  
  28  3:53  SCV  
  28  3:54  SCV  
  28  3:55  Engineering Bay  
  30  4:06  SCV x2  
  32  4:18  SCV x2  
  34  4:25  Bunker  
  34  4:30  SCV  
  36  4:37  Factory  
  36  4:40  Barracks Reactor  
  36  4:48  Missile Turret  
  36  4:49  Orbital Command  
  35  5:00  Sensor Tower  
  35  5:08  Sensor Tower  
  35  5:14  SCV  
  35  5:18  SCV  
  37  5:23  Factory Tech Lab  
  37  5:25  Sensor Tower  
  37  5:26  SCV  
  38  5:28  Supply Depot  
  38  5:30  Starport  
  38  5:38  SCV  
  39  5:44  Missile Turret  
  39  5:49  SCV  
  40  5:50  SCV  
  41  6:01  SCV  
  41  6:02  SCV  
  43  6:07  Missile Turret x2  
  43  6:13  SCV  
  43  6:15  SCV  
  45  6:25  SCV  
  46  6:27  Marine x2  
  46  6:32  Siege Tank  
  51  6:35  Starport Reactor  
  51  6:37  SCV  
  51  6:38  Starport  
  52  6:45  Marine x2  
  54  6:49  SCV  
  55  7:01  SCV  
  55  7:02  Marine  
  55  7:03  Marine  
  55  7:04  Siege Tank  
  61  7:12  Neosteel Armor  
  61  7:13  SCV  
  62  7:16  Missile Turret  
  62  7:17  Starport Reactor  
  62  7:26  Supply Depot  
  62  7:28  Missile Turret  
  62  7:39  Missile Turret  
  62  7:47  Supply Depot, Marine x2  
  62  7:48  SCV, Siege Tank  
  68  8:02  Missile Turret  
  68  8:05  Marine x2  
  70  8:15  Viking x4  
  70  8:17  Missile Turret  
  78  8:24  Supply Depot  
  78  8:26  Missile Turret  
  78  8:30  Armory  
  78  8:37  Supply Depot  
  78  8:45  Marine x2, Viking x3  
  78  8:47  Missile Turret  
  86  8:51  Barracks  
  86  8:54  Viking  
  88  9:00  Missile Turret  
  88  9:03  Marine x2  
  90  9:15  Viking x3  
  96  9:18  Missile Turret  
  96  9:21  Marine x2, Missile Turret  
  98  9:30  Orbital Command  
  98  9:39  Marine x2  
  98  9:45  Terran Vehicle Weapons Level 1  
  100  9:51  Supply Depot  
  100  9:56  Marine x2  
  100  9:59  Barracks Tech Lab, Missile Turret  
  102  10:06  Supply Depot  
  102  10:14  Marine x2  
  102  10:20  Supply Depot  
  104  10:25  Sensor Tower  
  104  10:30  Missile Turret  
  104  10:31  Viking x4  
  104  10:32  Marine x2  
  114  10:50  Marine x2  
  116  11:01  Viking x4  
  124  11:25  Combat Shield  
  123  11:27  Marine x2  
  123  11:28  Marine  
  126  11:38  Supply Depot  
  126  11:39  Terran Vehicle And Ship Armor Level 1  
  126  11:41  Supply Depot, Hi-Sec Auto Tracking  
  126  11:45  Marine x3  
  120  11:50  Viking  
  120  11:51  Viking x2  
  126  11:59  Viking  
  128  12:03  Marine x3  
  131  12:21  Marine x3  
  134  12:32  Viking  
  134  12:33  Viking x3  
  142  12:38  Terran Infantry Weapons Level 1  
  139  12:44  Stimpack  
  127  12:51  Marine x2  
  127  12:52  Marine  
  120  13:00  Siege Tank  
  120  13:02  Viking  
  120  13:03  Viking  
  119  13:09  Marine x3  
  104  13:27  Marine x3  
  104  13:28  Viking x2  
  104  13:32  Siege Tank, Viking x2  
  104  13:33  Terran Ship Weapons Level 1  
  112  13:42  Supply Depot  
  112  13:45  Marine x3  
  93  14:03  Marine  
  93  14:06  Supply Depot  
  77  14:25  Viking x4  
  77  14:27  Marine x2  
  77  14:28  Marine  
  88  14:32  Terran Infantry Armor Level 1  
  88  14:45  Marine x3  
  91  14:55  Viking x2  
  95  15:03  Marine  
  96  15:09  Missile Turret, Marine x2  
  98  15:21  Marine  
  99  15:27  Marine x2  
  90  15:39  Marine  
  69  15:45  Marine x2  
  69  15:46  Command Center  
  64  15:56  Marine  
  41  16:19  Viking x3  
  47  16:30  Marine x2  
  51  16:48  SCV  
  51  16:52  Marine  
Tags
 
Matchup
TvZ
Opening
Pool First
Replay Pack
Multiplayer
Spawn Locations
Close Positions
Add a new tag
Caveats
  • Supply blocks, unpowered buildings, or Contaminate may cause inaccurate times.
  • Supply counts are checked every 10 seconds.